[Event "Romanian Superliga 2024"]
[Site "Mamaia"]
[Date "2024.10.02"]
[Round "5.8"]
[White "Tarlev, Konstantin"]
[Black "Vanczak, Tamas"]
[Result "0-1"]
[ECO "B41"]
[WhiteElo "2579"]
[BlackElo "2401"]
[Annotator "TA"]
[PlyCount "56"]
[EventDate "2024.09.26"]
[EventType "team-tourn"]
[EventCountry "ROU"]
[SourceTitle "playchess.com"]
[Source "ChessBase"]
[SourceQuality "1"]
[TimeControl "40/5400+30:1800+30"]

1. d4 Nf6 2. c4 e6 3. Nf3 c5 4. Nc3 cxd4 5. Nxd4 a6 6. e4 Qc7 7. Be2 b6 8. Be3 Bb7 9. f3 Nc6 10. Qd2 Bc5 {[%emt 0:16:08] White is slightly better.} 11. O-O-O O-O 12. Kb1 Rfd8 13. Na4 d6 14. g4 (14. Nc2 $11 {remains equal.}) 14... Nxd4 15. Bxd4 Nxe4 16. Qc2 {[%emt 0:12:33] [#]} (16. fxe4 $17 Bxe4+ 17. Bd3 Bxh1 18. Bxg7 Kxg7 19. Qg5+ Kf8 20. Qh6+ Ke7 21. Qh4+ Kd7 22. Rxh1) 16... Bxd4 $1 $19 17. Rxd4 Nc5 18. Rhd1 Nxa4 19. Qxa4 d5 20. f4 dxc4 21. Qxc4 Qe7 22. Qd3 Rd5 23. Rxd5 Bxd5 24. Bf3 Rd8 {[%emt 0:01:38][%cal Od5a2] And now ...Bxa2+! would win.} 25. b3 Qb7 {[%emt 0:05:27][%cal Od5e4] ...Be4! is the strong threat.} 26. Kb2 Qc7 27. Qd4 h6 28. Rd2 $2 {[%emt 0:01:50][%mdl 8192] [#]} (28. h4 $17) 28... Rc8 $1 {[%emt 0:00:30] Weighted Error Value: White=0.55/Black=0.06 (flawless) .  Loses game:     	White=1     	---        Mistake:       	White=2     	---        Inaccurate:     	White=1     	---        OK:         	White=5     	Black=9      Best:        	White=1     	---        Strong:       	---       	Black=1} 0-1

[Event "Romanian Superliga 2024"]
[Site "Mamaia"]
[Date "2024.10.02"]
[Round "5.9"]
[White "Anton, Teodor"]
[Black "Serban, Cristian-Stefan"]
[Result "1/2-1/2"]
[ECO "E36"]
[WhiteElo "2427"]
[BlackElo "2269"]
[Annotator "RC"]
[PlyCount "58"]
[EventDate "2024.09.26"]
[EventType "team-tourn"]
[EventCountry "ROU"]
[SourceTitle "playchess.com"]
[Source "ChessBase"]
[SourceQuality "1"]
[TimeControl "40/5400+30:1800+30"]

1. d4 Nf6 2. c4 e6 3. Nc3 Bb4 4. Qc2 d5 5. a3 Bxc3+ 6. Qxc3 O-O 7. Nf3 b6 8. Bg5 dxc4 9. Qxc4 Ba6 10. Qa4 h6 11. Bh4 c5 12. dxc5 bxc5 13. Rd1 Qb6 14. Bxf6 gxf6 15. h4 Qxb2 16. Qg4+ Kh7 17. Qe4+ f5 18. Qxa8 Qb6 19. Ng5+ hxg5 20. hxg5+ Kg8 21. Qf3 Qa5+ 22. Rd2 Rd8 23. Qe3 f4 24. Qxf4 Qc3 25. Kd1 Qa1+ 26. Kc2 Qa2+ 27. Kc1 Qa1+ 28. Kc2 Qa2+ 29. Kc1 Qa1+ 1/2-1/2

[Event "Romanian Superliga 2024"]
[Site "Mamaia"]
[Date "2024.10.02"]
[Round "5.10"]
[White "Tampea, Radu"]
[Black "Musat, Adrian"]
[Result "1/2-1/2"]
[ECO "C47"]
[WhiteElo "2226"]
[BlackElo "2358"]
[Annotator "TA"]
[PlyCount "64"]
[EventDate "2024.09.26"]
[EventType "team-tourn"]
[EventCountry "ROU"]
[SourceTitle "playchess.com"]
[Source "ChessBase"]
[SourceQuality "1"]
[TimeControl "40/5400+30:1800+30"]

1. e4 e5 2. Nf3 Nc6 3. Nc3 Nf6 4. d4 exd4 5. Nd5 Nb4 6. Bc4 Nbxd5 7. exd5 Bb4+ 8. Kf1 c6 9. Qxd4 cxd5 $1 10. Bd3 Be7 11. b3 d6 12. h3 O-O 13. Bb2 Be6 14. g4 Ne8 {[%emt 0:03:01] [#] Droht stark ...Bf6.} 15. Qe3 Bf6 16. Nd4 (16. Bd4 $15) 16... Bd7 17. f4 g6 18. Qf3 ({Günstiger ist} 18. Kg2 $15) 18... Nc7 $17 19. f5 {[%emt 0:00:36] [#] Pariert Ne6.} Ne6 $1 20. Qf2 (20. fxe6 $2 {geht unter.} fxe6 21. Bf5 Bxd4 (21... exf5 $2 22. g5 $19) 22. Bxd4 e5 (22... exf5 $2 23. Kg1 $19) (22... gxf5 $2 23. Rg1 $19) 23. Qxd5+ Kh8 $19) 20... Nxd4 ({Besser ist} 20... Nc5 21. Kg2 Ne4 22. Bxe4 dxe4) 21. Bxd4 Bxd4 22. Qxd4 Qh4 23. fxg6 fxg6+ 24. Kg2 {[%emt 0:00:00][%cal Oh1f1] Schwarz steht etwas besser.} Bc6 25. Rhf1 Rae8 26. Rxf8+ Rxf8 27. Rf1 Rxf1 28. Bxf1 Qe1 29. Bd3 Qe5 30. c3 a6 31. Bf1 Qe1 32. Bd3 Qe5 {[%emt 0:04:05] Gewichteter Fehlerwert: Weiß=0.11 (sehr präzise) /Schwarz=0.08 (makellos) .  Fehler:       	Weiß=2     	Schwarz=2     Ungenau:       	Weiß=1     	Schwarz=3     OK:         	Weiß=10    	Schwarz=11    Bester:       	Weiß=2     	---        Stark:        	---       	Schwarz=1} (32... Kf7 $15) 1/2-1/2

[Event "Romanian Superliga 2024"]
[Site "Mamaia"]
[Date "2024.10.02"]
[Round "5.11"]
[White "Cioara, Andrei-Nestor"]
[Black "Padurariu, Mihai-Edward"]
[Result "1/2-1/2"]
[ECO "D32"]
[WhiteElo "2402"]
[BlackElo "2233"]
[Annotator "TA"]
[PlyCount "93"]
[EventDate "2024.09.26"]
[EventType "team-tourn"]
[EventCountry "ROU"]
[SourceTitle "playchess.com"]
[Source "ChessBase"]
[SourceQuality "1"]
[TimeControl "40/5400+30:1800+30"]

1. d4 Nf6 2. c4 e6 3. Nf3 d5 4. Nc3 c5 5. cxd5 exd5 6. Bg5 Be6 7. e3 c4 8. Bxf6 Qxf6 9. a3 {[%emt 0:00:15] Dodges Bb4} (9. Qa4+ {with more complications.} Nc6 10. Bxc4 dxc4 11. d5) 9... Be7 10. g3 O-O 11. Bg2 Rd8 12. Ne5 Nc6 13. f4 Qh6 14. Qf3 f6 15. Ng4 {[%emt 0:00:01] Excellent horsemanship.} Qg6 16. Nf2 f5 17. O-O Rab8 18. Rfb1 (18. Qe2 $15) 18... Na5 $1 $17 19. b4 ({Only move:} 19. Rf1) 19... cxb3 20. Qd1 Nc4 (20... Bf7 $17 {aiming for ...Rbc8.} 21. Nd3 Qc6) 21. Qd3 (21. Rxb3 $15 Nxe3 22. Qe2 Nxg2 23. Kxg2) 21... b2 (21... Nxa3 22. Rxb3 Nc4 23. Rxa7 $16 (23. Nxd5 Rxd5 24. Qxc4 Ra5 $17)) 22. Ra2 b5 23. Ncd1 a5 24. Nxb2 Qf7 25. Nbd1 Qf8 26. a4 Na3 27. Rxa3 Bxa3 28. axb5 Bb4 29. Nc3 Qe8 30. Nfd1 Qd7 (30... Kh8 $17 31. Bf3 Rdc8) 31. Bf1 $15 Rdc8 32. Na4 Qc7 33. Ndc3 Bxc3 34. Rc1 {[%emt 0:00:01] [#]} (34. Nc5 $17 {is a better defense.} Bb4 35. Nxe6) 34... Qd6 35. Rxc3 Rxc3 36. Qxc3 Qb4 37. Qc6 $1 Bf7 38. b6 ({White must play} 38. Nc5 $1 $11 Qc3 39. b6) 38... Qb3 39. Kf2 (39. Kg2 $1 $15) 39... Re8 (39... h6 $17 {...Re8 would now be deadly.} 40. Bb5 Bh5) 40. Nc3 $11 {[%emt 0:00:00] Black must now prevent b7. The position is equal.} Qb2+ 41. Kg1 {[%emt 0:20:29] b7 is the strong threat.} Qc1 (41... Rxe3 $2 42. b7 (42. Nxd5 $2 Re6 $19) (42. Nd1 Qxd4 43. Nxe3 Qxe3+ 44. Kg2 g5 $18) 42... Re8 (42... Qxc3 43. b8=Q+ Be8 44. Qcxe8+ Rxe8 45. Qxe8#) (42... Rxc3 43. Qc8+) 43. Nb5 $18) 42. b7 {[%emt 0:00:05][%cal Oc6e8] Threatens to win with Qxe8+!} Qxe3+ 43. Kg2 Bh5 {[%emt 0:03:17] Hoping for ...Bf3+.} (43... Qxd4 $2 44. Qxe8+ Bxe8 45. b8=Q $18 (45. b8=B $2 Qxc3 46. g4 Qb2+ 47. Kg3 Qb3+ 48. Kg2 Qxb8 $19)) 44. Qc8 Bf3+ (44... Qxd4 $2 {is the wrong capture.} 45. Be2 (45. b8=R $2 {loses.} Qd2+ $19) (45. b8=Q Qe3 $18) 45... Bf7 46. b8=Q $18 (46. b8=R Rxc8 47. Rxc8+ Be8 $16)) 45. Kh3 {[%emt 0:00:01][%cal Oc3d5] And now Nxd5! would win. Really sharp!} Bg4+ 46. Kg2 Bf3+ 47. Kh3 {[%emt 0:00:03] Weighted Error Value: White=0.18 (very precise) /Black=0.19 (very precise) .  Mistake:       	White=6     	Black=4      Inaccurate:     	White=3     	Black=1      OK:         	White=11    	Black=17     Best:        	White=5     	Black=3      Strong:       	White=1     	Black=1} 1/2-1/2

[Event "Romanian Superliga 2024"]
[Site "Mamaia"]
[Date "2024.10.02"]
[Round "5.12"]
[White "Radu, David Cr."]
[Black "Corbu, George-Alexandru"]
[Result "1/2-1/2"]
[ECO "C54"]
[WhiteElo "2159"]
[BlackElo "2039"]
[Annotator "TA"]
[PlyCount "86"]
[EventDate "2024.09.26"]
[EventType "team-tourn"]
[EventCountry "ROU"]
[SourceTitle "playchess.com"]
[Source "ChessBase"]
[SourceQuality "1"]
[TimeControl "40/5400+30:1800+30"]

1. e4 e5 2. Nf3 Nc6 3. Bc4 Bc5 4. c3 Nf6 5. d4 exd4 6. b4 (6. cxd4 $11 Bb4+ 7. Bd2) 6... Bb6 $15 7. e5 d5 8. Bd3 (8. exf6 $15 dxc4 9. Qe2+ Be6 10. b5) 8... Ne4 $19 9. cxd4 (9. b5 $17 Nxe5 (9... Nxc3 10. Nxc3 Nxe5 11. Nxe5 $18) (9... dxc3 $2 10. bxc6 Nxf2 11. Qe2 $19) 10. Nxe5) 9... O-O (9... Nxd4 10. Be3 (10. Nxd4 $2 Nxf2 11. Bb5+ c6 $19) 10... Nxf3+ 11. Qxf3 $19) (9... Bxd4 10. Nxd4 Nxd4 11. O-O $11) (9... Nxb4 10. Qa4+ Nc6 11. Be3 $17) (9... Nxf2 $1 $19 10. Kxf2 Bxd4+ 11. Nxd4 Qh4+ 12. Kf1 Qxd4 (12... Nxd4 13. Nc3 $16)) 10. Bb2 Nxb4 11. Be2 Nc6 (11... c5 $19 {aiming for ...cxd4.} 12. O-O c4) 12. O-O $17 f6 13. Nbd2 f5 (13... Kh8 $142 14. Bd3 fxe5 15. dxe5 Bf5) 14. Nb3 Ne7 15. Ne1 f4 16. Rc1 c6 17. Ba3 Rf7 18. Bd3 Bf5 19. Qc2 g6 20. Nf3 {[%emt 0:00:00] Prevents Ng5} Nc8 (20... g5 $15) 21. Rfe1 $11 Ng5 22. Nxg5 Qxg5 23. e6 Rg7 $40 {[%emt 0:00:00][%mdl 128] Black has some attack.} 24. Bxf5 gxf5 25. f3 $1 {[%emt 0:00:06] Active counter play!} Bc7 26. Re2 (26. e7 $1 $14 Nxe7 27. Nc5) 26... Nd6 $15 27. Rce1 $2 {[%emt 0:00:36] [#]} (27. Bxd6 $11 {and White is okay.} Bxd6 28. Nc5) 27... Nc4 $1 $19 28. Bc1 (28. e7 $142 Re8 29. Bc1) 28... Bd6 29. Kh1 Re8 30. Nc5 Qf6 31. Nd7 Qg6 (31... Qxd4 $2 32. Rd1 $18 (32. Qxf5 Kh8 $11) (32. Qxf5 Kh8 $11)) 32. a4 Rge7 33. Ne5 {[%emt 0:00:22] [#]} Bxe5 ({Not} 33... Qxe6 34. Nxc6 (34. Bxf4 Bxe5 35. Bxe5 f4 $17) (34. Nxc4 $2 Qxe2 35. Qxe2 Rxe2 $19) 34... Qxe2 35. Nxe7+ Qxe7 36. Rxe7 Rxe7 37. Kg1 $18 (37. Qxf5 $2 Re1#) (37. Bd2 Kg7 $16)) 34. dxe5 Rxe6 35. Bxf4 Kf7 (35... b6 $17) 36. g3 (36. h3 $15) 36... Qh5 37. Kg2 Qg6 (37... Kg8 $17) 38. Kf2 (38. Kh1 $1 $11) 38... h5 (38... Kg8 $17 39. Qc3 b6) 39. Qd3 R8e7 40. Qd4 b6 41. Qd3 Rd7 42. Rc2 {[%emt 0:02:38] And now Rxc4 would win.} Rde7 43. Rce2 Rd7 {[%emt 0:04:39] And White is the lucky defender.   Weighted Error Value: White=0.31/Black=0.32.  Loses game:     	White=1     	---        Mistake:       	White=6     	Black=8      Inaccurate:     	White=1     	Black=6      OK:         	White=9     	Black=9      Best:        	White=6     	Black=2      Strong:       	White=1     	Black=1} (43... Kg8 $17) 1/2-1/2

[Event "Romanian Superliga 2024"]
[Site "Mamaia"]
[Date "2024.10.02"]
[Round "5.13"]
[White "Theodorou, Nikolas"]
[Black "Hamitevici, Vladimir"]
[Result "1-0"]
[ECO "E12"]
[WhiteElo "2619"]
[BlackElo "2419"]
[Annotator "TA"]
[PlyCount "57"]
[EventDate "2024.09.26"]
[EventType "team-tourn"]
[EventCountry "ROU"]
[SourceTitle "playchess.com"]
[Source "ChessBase"]
[SourceQuality "1"]
[TimeControl "40/5400+30:1800+30"]

1. d4 Nf6 2. Nf3 b6 3. c4 e6 4. a3 Bb7 5. Nc3 Ne4 6. Nxe4 Bxe4 7. h4 Be7 8. d5 Bxf3 9. exf3 {[%emt 0:02:46] White is slightly better.} Bxh4 {[%emt 0:02:48] Black is weak on the light squares} 10. f4 Bf6 11. g4 {[%emt 0:00:28] White is more active.} g6 $1 12. Bg2 {[%emt 0:07:50] Threatens to win with dxe6.} exd5 13. Kf1 (13. Bxd5 c6 14. Bg2 Qe7+ 15. Kf1 Qe6 $11) (13. cxd5 d6 $14) (13. Qxd5 $6 Nc6 $14) 13... c5 (13... Bg7 $14) 14. Qxd5 (14. cxd5 d6 $11) (14. Bxd5 $6 Nc6 $16) 14... Nc6 15. g5 (15. Bd2 $1 $18) 15... Bd4 $14 16. f5 {[%emt 0:03:05] And now Be3 would win.} (16. Be3 $5 O-O 17. Bxd4 cxd4 18. Rh4 $14) 16... Qc7 $1 17. Rh4 O-O-O $1 18. Re4 {[%emt 0:00:59] Repels Qe5. aiming for Bf4.} (18. Qxf7 $2 Rdf8 19. Bf4 Rxf7 $19) 18... gxf5 19. Bf4 $36 {[%emt 0:03:28][%mdl 2048] White is more active.} fxe4 20. Bxc7 Kxc7 21. Re1 (21. Qxf7 $2 Rdf8 (21... Bxb2 22. Rd1 $16) 22. Qh5 Rxf2+ 23. Kg1 Rxb2+ 24. Kh1 Rxg2 25. Kxg2 Bxa1 $19) 21... e3 (21... Rhe8 $11 {and Black is okay.}) 22. fxe3 $18 Bxb2 {[%emt 0:00:06] [#]} 23. Rd1 (23. Qxf7 $2 {is the wrong capture.} Rhf8 $19 (23... Bxa3 $2 24. Ke2 $18) (23... Bxa3 $2 24. Qf4+ Kc8 25. Kg1 $18)) ({Only move:} 23. Re2 $1 $18 Bg7 24. Rd2 (24. Qxf7 $2 Rhf8 $19)) 23... Be5 $11 24. Bh3 ({White should play} 24. Qxf7 $14 Rdf8 25. Rxd7+ Kc8 26. Bxc6) 24... f6 $2 {[%emt 0:07:44][%mdl 8192] [#]} (24... Rhg8 $1 $15 {stays ahead.}) 25. gxf6 $1 $18 (25. Bxd7 Nb8 26. gxf6 Nxd7 $16) 25... Rhf8 26. f7 (26. Bxd7 Rxf6+ 27. Ke2 h5 (27... Rd6 28. Bxc6 Rxd5 29. Bxd5 $14) 28. Bxc6 Rxd5 29. Bxd5 h4 $16) 26... d6 (26... Bg7 $142 27. Bg2 (27. Bxd7 Ne5 $11) 27... Be5) 27. Ke2 {[%emt 0:01:55] White is clearly winning.} h6 28. Qe6 {[%emt 0:03:34][%cal Od1g1] Wards off Bf6. Hoping for Rg1!} h5 29. Rg1 {[%emt 0:00:58] Weighted Error Value: White=0.38/Black=0.69.  Loses game:     	---       	Black=2      Mistake:       	White=3     	Black=2      Inaccurate:     	White=1     	Black=2      OK:         	White=10    	Black=3      Best:        	White=1     	Black=4      Strong:       	White=1     	Black=3} 1-0

[Event "Romanian Superliga 2024"]
[Site "Mamaia"]
[Date "2024.10.02"]
[Round "5.14"]
[White "Soltanici, Ruslan"]
[Black "Kourkoulos-Arditis, Stamatis"]
[Result "0-1"]
[ECO "C70"]
[WhiteElo "2316"]
[BlackElo "2570"]
[Annotator "TA"]
[PlyCount "118"]
[EventDate "2024.09.26"]
[EventType "team-tourn"]
[EventCountry "ROU"]
[SourceTitle "playchess.com"]
[Source "ChessBase"]
[SourceQuality "1"]
[TimeControl "40/5400+30:1800+30"]

1. e4 e5 2. Nf3 Nc6 3. Bb5 a6 4. Ba4 Bc5 5. O-O Nge7 6. Bxc6 $146 {[%emt 0:03:39] C70: Ruy Lopez: 3...a6 4 Ba4, Norwegian and Delayed Schliemann.} ({Predecessor:} 6. Nxe5 Nxe5 7. d4 b5 8. Bb3 Bxd4 9. Qxd4 d6 10. c3 O-O 11. Bf4 c5 12. Qd1 Bb7 13. Re1 {1-0 Carlsen,M (2830)-Nakamura,H (2794) Norway Chess Armageddon 12th rapid 2024 (2)}) 6... Nxc6 7. Nxe5 Nxe5 8. d4 Bd6 9. dxe5 Bxe5 10. f4 Bd6 11. Be3 O-O 12. Nc3 Re8 13. Qf3 Bf8 14. Rad1 d6 15. Nd5 b5 16. Rfe1 Rb8 17. f5 f6 18. Bd4 c6 19. Nf4 Qc7 20. b3 Qf7 21. g4 Rb7 22. Bf2 Rbe7 23. h4 g6 24. Bg3 b4 25. Kh2 d5 26. fxg6 hxg6 27. exd5 Rxe1 28. Rxe1 Rxe1 29. Bxe1 cxd5 30. Bg3 d4 31. Nd5 f5 32. g5 Bb7 33. Nf6+ Qxf6 34. Qxb7 Qe6 35. Qc7 Qe2+ 36. Kg1 Qd1+ 37. Kh2 Qe2+ 38. Kg1 Be7 39. Qe5 (39. Qc4+ {simplifies} Qxc4 40. bxc4 Bc5 41. Kg2) 39... Qe4 40. Qxe4 (40. Kf1 $11 {keeps the balance.}) 40... fxe4 $17 41. Be5 Bc5 42. Kg2 Kf7 43. Bc7 $2 (43. Bf6 $17) 43... Ke6 $19 44. Bb8 Kf5 45. Kg3 Bf8 46. Bc7 Bg7 47. Ba5 Be5+ 48. Kf2 Kg4 ({Black should try} 48... Bd6 $1 $17 {aiming for ...Kg4.} 49. Bb6 Be5) 49. Bxb4 $15 Kxh4 50. Be7 Kg4 51. b4 $2 {[%emt 0:07:01][%mdl 8192] [#]} (51. Ke2 $15) 51... Kf5 $1 $19 52. a4 Ke6 53. Bf6 {[%emt 0:00:40] [#]} (53. Bd8 $142 Kd5 54. Ke2) 53... Kd5 $1 $19 ({Weaker is} 53... Bxf6 54. gxf6 Kxf6 55. b5 axb5 56. a5 $11) 54. Ke2 Bc7 55. Be7 Kc4 56. Kd1 Bf4 57. Ke2 Kc3 58. Kd1 d3 59. cxd3 Kxd3 0-1

[Event "Romanian Superliga 2024"]
[Site "Mamaia"]
[Date "2024.10.02"]
[Round "5.15"]
[White "Marin, Mihail"]
[Black "Filip, Andrei"]
[Result "1/2-1/2"]
[ECO "A38"]
[WhiteElo "2455"]
[BlackElo "2278"]
[Annotator "TA"]
[PlyCount "76"]
[EventDate "2024.09.26"]
[EventType "team-tourn"]
[EventCountry "ROU"]
[SourceTitle "playchess.com"]
[Source "ChessBase"]
[SourceQuality "1"]
[TimeControl "40/5400+30:1800+30"]

1. c4 Nf6 2. g3 g6 3. b3 Bg7 4. Bb2 c5 5. Bg2 O-O 6. Nf3 d6 7. O-O e5 8. d3 Nc6 9. Nc3 h6 10. Ne1 Be6 11. Nd5 Qd7 12. Nc2 {[%emt 0:03:47] White is slightly better.} Bh3 13. Nce3 (13. e4 $5) 13... Bxg2 14. Kxg2 (14. Nxg2 {simplifies} Nxd5 15. cxd5 Nb4 16. e4) 14... Nxd5 15. Nxd5 Ne7 16. Nxe7+ Qxe7 17. e4 f5 18. exf5 Rxf5 19. Qg4 Qf7 20. Qe4 Rf8 21. f3 h5 22. Rae1 g5 {[%emt 0:00:00][%cal Og5g4] [#] ...g4! would now be deadly.} 23. Qd5 Qxd5 24. cxd5 g4 25. fxg4 {[%emt 0:00:08] The position is equal.} Rxf1 26. Rxf1 Rxf1 27. Kxf1 hxg4 $11 {[%emt 0:00:00][%cal Oe5e4][%mdl 4096] [#] Endgame. aiming for ...e4! KB-KB} 28. Bc1 b5 29. Kg2 Kf7 30. h3 gxh3+ 31. Kxh3 Kg6 32. Kg4 Bf6 33. Bd2 Bd8 34. Be3 a6 35. Bd2 a5 36. Be3 Be7 37. Bd2 Bd8 38. Be3 Be7 {[%emt 0:00:37] Weighted Error Value: White=0.05 (flawless) /Black=0.05 (flawless) .  Inaccurate:     	White=2     	Black=1      OK:         	White=13    	Black=14     Best:        	---       	Black=1} 1/2-1/2

[Event "Romanian Superliga 2024"]
[Site "Mamaia"]
[Date "2024.10.02"]
[Round "5.16"]
[White "Cosma, Ioan"]
[Black "Miron, Lucian-Costin"]
[Result "0-1"]
[ECO "C48"]
[WhiteElo "2295"]
[BlackElo "2473"]
[Annotator "TA"]
[PlyCount "104"]
[EventDate "2024.09.26"]
[EventType "team-tourn"]
[EventCountry "ROU"]
[SourceTitle "playchess.com"]
[Source "ChessBase"]
[SourceQuality "1"]
[TimeControl "40/5400+30:1800+30"]

1. e4 e5 2. Nf3 Nc6 3. Nc3 Nf6 4. Bb5 Bd6 5. d3 O-O 6. Bg5 h6 7. Bh4 Be7 8. Bxc6 {[%emt 0:07:19] The position is equal.} dxc6 (8... bxc6 $11 9. Qe2 (9. Nxe5 Nxe4 10. Bxe7 Qxe7 $11) 9... d6) 9. Bg3 $1 $14 (9. Nxe5 Nxe4 10. Bxe7 Qxe7 11. dxe4 Qxe5 $11) 9... Bg4 10. Bxe5 Nd7 11. Bd4 f5 12. h3 fxe4 $1 13. Nxe4 Bxf3 14. gxf3 Bf6 15. Bxf6 Nxf6 16. Qe2 Qd5 17. a3 Qf5 18. O-O-O Nd5 19. h4 Qf4+ (19... Qxf3 $142 20. Qd2 Kh8) 20. Kb1 (20. Nd2 {is more appropriate.}) 20... Qxf3 $11 21. Qd2 Qf4 22. Qe2 Nf6 23. f3 Nh5 24. Rdf1 Rae8 25. Qg2 {[%emt 0:00:27] Prevents Ng3.} Re7 26. Qg4 Qf5 (26... Rxe4 $5 27. Qxh5 (27. dxe4 Ng3 $15) 27... Re3 $15) 27. Rhg1 Ref7 28. Qg2 Nf4 29. Qd2 Kh7 30. Qe3 b6 31. Ng3 Qf6 32. Rh1 Kh8 33. Ne4 Qe7 34. Qd2 (34. Qf2 $11 {keeps the balance.}) 34... Ng6 $17 {[%emt 0:01:36] Black is more active.} 35. h5 Nf4 36. Qc3 c5 37. Re1 Qd7 38. Nd2 Rf5 39. Nc4 Rxh5 ({Reject} 39... Nxh5 $6 40. f4 $11) 40. Ne5 Qf5 41. Rhg1 Rg5 42. Rh1 Kh7 43. Qc4 (43. Re4 $17) 43... Ng6 44. Nxg6 Rxg6 45. Rhf1 Qf7 {[%emt 0:03:02] [#] Wards off Re7. ...Qxc4 would now be deadly.} 46. Qa4 (46. Qa6 $17 {might work better.}) 46... a5 $19 47. Re5 Rf6 48. Qe4+ Qg6 {[%emt 0:00:20] ...Qxe4 is the strong threat.} 49. Qe2 Rf5 50. Re7 R8f7 51. Re6 R5f6 52. Re8 {[%emt 0:00:19] [#]} (52. Re3 $17) 52... Rxf3 $3 {[%emt 0:01:57][%mdl 512] Weighted Error Value: White=0.19 (very precise) /Black=0.09 (flawless) .  Loses game:     	White=1     	---        Mistake:       	White=4     	Black=2      Inaccurate:     	White=8     	Black=2      OK:         	White=14    	Black=23     Best:        	---       	Black=2      Strong:       	White=1     	Black=1      Brilliant:      	---       	Black=1} 0-1

[Event "Romanian Superliga 2024"]
[Site "Mamaia"]
[Date "2024.10.02"]
[Round "5.17"]
[White "Carmaciu, Lucian-Catalin"]
[Black "Itkis, Boris"]
[Result "1/2-1/2"]
[ECO "B13"]
[WhiteElo "2368"]
[BlackElo "2279"]
[Annotator "TA"]
[PlyCount "38"]
[EventDate "2024.09.26"]
[EventType "team-tourn"]
[EventCountry "ROU"]
[SourceTitle "playchess.com"]
[Source "ChessBase"]
[SourceQuality "1"]
[TimeControl "40/5400+30:1800+30"]

1. d4 Nf6 2. Nc3 d5 3. Bf4 c5 4. e3 cxd4 5. exd4 Bg4 6. f3 Bd7 7. Nb5 Bxb5 8. Bxb5+ Nc6 {[%emt 0:00:01] [#] ...Qa5+ would now be deadly.} 9. c3 e6 10. Ne2 Bd6 11. Qd2 O-O 12. h4 Ne8 13. h5 Bxf4 14. Nxf4 Nd6 15. Bd3 (15. h6 $14 g5 (15... Nxb5 $2 {perishes.} 16. hxg7 Re8 17. Nh5 $18) 16. Bxc6) 15... Qg5 16. O-O-O ({Better is} 16. h6 $11 g6 17. Nh3 Qxd2+ 18. Kxd2) 16... Na5 (16... b5 $15) 17. b3 {[%emt 0:01:31] The position is equal.} Rac8 18. Kb2 b5 19. Ne2 Qxd2+ {[%emt 0:03:20] Weighted Error Value: White=0.17 (very precise) /Black=0.12 (very precise) .  Mistake:       	White=2     	Black=1      Inaccurate:     	White=1     	Black=3      OK:         	White=3     	Black=8} 1/2-1/2

[Event "Romanian Superliga 2024"]
[Site "Mamaia"]
[Date "2024.10.02"]
[Round "5.18"]
[White "Negrean, Andrei"]
[Black "Nastore, Pavel-Alexandru"]
[Result "1/2-1/2"]
[ECO "B55"]
[WhiteElo "2267"]
[BlackElo "2252"]
[Annotator "TA"]
[PlyCount "138"]
[EventDate "2024.09.26"]
[EventType "team-tourn"]
[EventCountry "ROU"]
[SourceTitle "playchess.com"]
[Source "ChessBase"]
[SourceQuality "1"]
[TimeControl "40/5400+30:1800+30"]

1. e4 c5 2. Nf3 d6 3. d4 cxd4 4. Nxd4 Nf6 5. Bd3 g6 6. c4 {[%emt 0:04:19] B55: Sicilian: 2...d6 3 d4 cxd4 4 Nxd4 Nf6 5 f3.} Bg7 7. h3 O-O 8. Nc3 Nc6 9. Be3 Nd7 10. Nde2 Nde5 11. b3 $146 ({Predecessor:} 11. f4 Nxd3+ 12. Qxd3 Nb4 13. Qd2 Be6 14. b3 f5 15. Rc1 Qa5 16. O-O fxe4 17. Nd4 {0-1 Mikoleizig,E (2206)-Santana Montjoy,J (1729) Las Palmas Insular-chT Primera-B 2012 (6.3)}) 11... Qa5 12. Rc1 Nxd3+ 13. Qxd3 f5 14. O-O Kh8 15. exf5 Bxf5 16. Qd2 Rf7 17. Bh6 Raf8 18. Bxg7+ Kxg7 19. Qe3 Qc5 20. Qxc5 dxc5 21. f3 Rd8 22. Ng3 Bc8 23. Nge4 b6 24. Rfe1 h6 25. Nf2 Rd2 26. Re2 Rxe2 27. Nxe2 Rf8 28. Kf1 Rd8 29. Ke1 Nb4 30. a3 Nc6 31. Rc3 Bf5 32. Re3 Kf7 33. g4 Bc8 (33... Bb1 $15) 34. Nd3 $11 Kf6 35. Kd2 Bb7 36. f4 e5 (36... Nd4 $11 {is superior.}) 37. Kc3 $14 exf4 38. Nexf4 Nd4 39. Ne5 ({White should play} 39. b4 $16) 39... Re8 $1 $11 40. Nfxg6 Bc6 41. Re1 Bg2 {[%emt 0:03:17] [#]} (41... Nf3 $11 {remains equal.} 42. Nxf3 Rxe1 43. Nxe1 Kxg6) 42. h4 $1 $16 Re6 43. Nf8 Re7 44. b4 Nc6 {[%emt 0:06:11] [#]} 45. Ned7+ ({Better is} 45. Nfd7+ $1 $16 Kg7 46. bxc5) 45... Kf7 $11 46. Rxe7+ Kxe7 47. bxc5 bxc5 48. g5 $1 hxg5 49. hxg5 Be4 ({Much less strong is} 49... Bh3 50. g6 $15 (50. Nxc5 Kxf8 51. Na6 Bf1 $17)) 50. Nxc5 Bf5 51. Nfd7 Bxd7 52. Nxd7 Kxd7 53. c5 Ne5 (53... a6 $5) 54. Kb4 Kc6 55. Ka5 Kb7 56. Kb5 a6+ 57. Kb4 Nd3+ 58. Kc4 $1 Nf4 59. Kb4 Kb8 60. Ka5 Ka7 61. Kb4 Kb7 (61... Ne6 $5 62. g6 $8 Ng7 $11) 62. Ka5 Ng6 (62... Ne6 $5 63. g6 $8 Ng7 $11) 63. c6+ Ka7 64. c7 Ne7 (64... Kb7 {simplifies} 65. c8=Q+ Kxc8 66. Kxa6 Kc7) 65. g6 Kb7 66. g7 Nc6+ 67. Ka4 Ne7 $1 68. Ka5 Nc6+ 69. Ka4 Ne7 $1 1/2-1/2